 Dungeon Crawl Stone Soup version 0.25-a0-482-g9b3b753f3f (webtiles) character file.

Game seed: 14063812286494311918, levelgen mode: deterministic

218395 Gargoyl the Corrupter of Planes (level 18, 0/157 HPs)
             Began as a Centaur Abyssal Knight on Feb 9, 2020.
             Was the Champion of Lugonu.
             Slain by a merfolk
             ... wielding a +0 trident
              (18 damage)
             ... on level 4 of the Shoals on Feb 10, 2020.
             The game lasted 01:12:09 (54604 turns).

Gargoyl the Corrupter of Planes (CeAK)             Turns: 54604, Time: 01:12:10

Health: 0/157      AC: 25    Str: 19    XL:     18   Next: 41%
Magic:  25/29      EV: 15    Int: 11    God:    Lugonu [******]
Gold:   1439       SH: 10    Dex: 15    Spells: 17/17 levels left

rFire    + + .     SeeInvis .   a - +9 hand axe
rCold    + + .     Gourm    .   U - +0 buckler {rC+}
rNeg     . . .     Faith    .   E - +3 leather armour of Compression {Dex+2}
rPois    +         Spirit   .   p - +2 helmet
rElec    .         Reflect  +   i - scarf {rC+ rF+}
rCorr    .         Harm     .   f - +3 pair of gauntlets of War {Slay+5}
MR       ++...     Clarity  +   F - +2 centaur barding
Stlth    +.........             l - amulet of Jumpus Lykk {Reflect rF+ MR+ SH+4}
HPRegen  0.36/turn              x - ring of poison resistance
MPRegen  0.21/turn              n - +6 ring of slaying

@: very slightly contaminated, very slow
A: large, hooves 3, clarity, deformed body, speed 2, screaming 1, tough skin 3
}: 1/15 runes: gossamer
a: Depart the Abyss, Bend Space, Banish, Corrupt, Enter the Abyss, Brand Weapon
With Distortion, Renounce Religion


You were on level 4 of the Shoals.
You worshipped Lugonu.
Lugonu was exalted by your worship.
You were hungry.

You visited 6 branches of the dungeon, and saw 32 of its levels.
You visited the Abyss 2 times.
You also visited: Sewer and Ice Cave.

You collected 3078 gold pieces.
You spent 1639 gold pieces at shops.

Inventory:

Hand Weapons
 a - a +9 hand axe (weapon)
 b - a +6 hand axe
 o - a +3 hand axe of electrocution
 G - the +7 whip "Spiderslayer" {holy, Int+4 Dex+5 Stlth-}
   (You found it on level 1 of the Lair of Beasts)

   It has been blessed by the Shining One to cause great damage to the undead
   and demons.
   It affects your intelligence (+4).
   It affects your dexterity (+5).
   It makes you less stealthy.
 V - a +1 demon trident of freezing
Missiles
 g - 97 boomerangs (quivered)
 M - 20 javelins
Armour
 f - the +3 pair of gauntlets of War (worn) {Slay+5}
   (You bought it in a shop on level 9 of the Dungeon)

   It affects your accuracy and damage with ranged weapons and melee attacks
   (+5).
   If you remove this armour, your AC will decrease by 5 (25 -> 20).
 i - a scarf of resistance (worn)
 p - a +2 helmet (worn)
 E - the +3 leather armour of Compression (worn) {Dex+2}
   (You found it on level 8 of the Dungeon)

   It affects your dexterity (+2).
   If you remove this armour, your AC will decrease by 6 (25 -> 19).
 F - a +2 centaur barding (worn)
 T - a +1 cloak of cold resistance
 U - a +0 buckler of cold resistance (worn)
Jewellery
 e - an uncursed ring of protection from magic
 l - the amulet of Jumpus Lykk (around neck) {Reflect rF+ MR+ SH+4}
   (You bought it in a shop on level 2 of the Orcish Mines)

   [amulet of reflection]

   It shields you and reflects attacks.
   It protects you from fire.
   It affects your resistance to hostile enchantments.
   It affects your SH (+4).
 n - a +6 ring of slaying (right hand)
 v - an uncursed ring of protection from fire
 x - a ring of poison resistance (left hand)
 N - an uncursed ring of positive energy
 O - a +3 ring of dexterity
 W - an uncursed ring of protection from magic
 X - an uncursed ring of protection from fire
Wands
 d - a wand of digging (5)
 t - a wand of acid (6)
 B - a wand of disintegration (16)
Scrolls
 j - 15 scrolls of remove curse
 m - 10 scrolls of identify
 q - 4 scrolls of magic mapping
 s - 7 scrolls of fog
 y - 4 scrolls of blinking
 z - 11 scrolls of teleportation
 I - 5 scrolls of fear
 J - a scroll of brand weapon {unknown}
Potions
 h - 6 potions of curing
 k - 3 potions of flight
 r - a potion of berserk rage
 u - 4 potions of haste
 w - 4 potions of invisibility
 A - 8 potions of heal wounds
 D - a potion of agility {unknown}
 H - 3 potions of might
 P - a potion of cancellation
 Q - a potion of magic
 R - a potion of resistance
 S - 3 potions of ambrosia
Comestibles
 c - 52 rations


   Skills:
 + Level 13.1 Fighting
 + Level 15.0 Axes
 + Level 4.6 Throwing
 * Level 11.3 Armour
 * Level 12.1 Dodging
 + Level 6.9 Shields
 * Level 15.1 Invocations
 + Level 0.3 Evocations


You had 17 spell levels left.
You didn't know any spells.
Your spell library contained the following spells:

 Spells                   Type           Power        Failure   Level  Hunger
 Animate Skeleton         Necr           N/A          36%         1    ##.....
 Apportation              Tloc           #.....       36%         1    ##.....
 Corona                   Hex            #......      36%         1    ##.....
 Foxfire                  Conj/Fire      #...         36%         1    ##.....
 Pain                     Necr           #...         36%         1    ##.....
 Summon Small Mammal      Summ           #...         36%         1    ##.....
 Call Imp                 Summ           #.......     52%         2    ###....
 Corpse Rot               Necr/Air       N/A          52%         2    ###....
 Poisonous Vapours        Pois/Air       #.....       52%         2    ###....
 Sublimation of Blood     Necr           #.........   52%         2    ###....
 Call Canine Familiar     Summ           #.......     75%         3    ####...
 Conjure Flame            Conj/Fire      #.......     75%         3    ####...
 Inner Flame              Hex/Fire       #.......     75%         3    ####...
 Mephitic Cloud           Conj/Pois/Air  #.......     75%         3    ####...
 Recall                   Summ/Tloc      N/A          75%         3    ####...
 Summon Guardian Golem    Hex/Summ       #.......     75%         3    ####...
 Dispel Undead            Necr           #.......     98%         4    #####..
 Sticky Flame             Conj/Fire      #.......     98%         4    #####..
 Summon Ice Beast         Ice/Summ       #.......     98%         4    #####..
 Summon Lightning Spire   Summ/Air       #.......     98%         4    #####..
 Agony                    Necr           #.......     100%        5    ######.
 Excruciating Wounds      Chrm/Necr      #.........   100%        5    ######.
 Fireball                 Conj/Fire      #.........   100%        5    ######.
 Freezing Cloud           Conj/Ice/Air   #.........   100%        6    #######
 Ring of Flames           Chrm/Fire      #.........   100%        7    #######
 Dragon's Call            Summ           #.........   100%        9    #######


Dungeon Overview and Level Annotations

Branches:
Dungeon (15/15)            Temple (0/1) D:5            Lair (6/6) D:10
 Shoals (4/4) Lair:3       Spider (4/4) Lair:3        Slime (0/5) Lair:5
    Orc (2/2) D:12            Elf (0/3) Orc:2        Vaults (1/5) D:13
 Depths (0/5) D:15          Sewer (visited)           IceCv (visited)

Altars:
Cheibriados
Dithmenos
Elyvilon
Hepliaklqana
Nemelex Xobeh
Okawaru
Ru
Sif Muna
Uskayaw
Xom
Zin
Beogh

Shops:
D:9 [   D:10 :   D:14 (   Orc:2 =::?

Annotations:
D:8 3 runed translucent doors, iVAG's ghost, novice TeCj
Lair:5 exclusion: 4 oklob plants


Innate Abilities, Weirdness & Mutations

You have hooves in place of feet.
Armour fits poorly on your strangely shaped body.
You cover ground very quickly.
You have extremely tough skin. (AC +3)
You possess an exceptional clarity of mind.
You occasionally shout uncontrollably at your foes.


Message History

A merfolk comes into view. It is wielding a +0 trident.
The merfolk shouts!
The merfolk javelineer throws a silver javelin.
The silver javelin closely misses you.
You hear a splash.
You see here a silver javelin.
The merfolk hits you from afar with a +0 trident!
* * * LOW HITPOINT WARNING * * *
Press: ? - help, Shift-Dir - straight line, f - merfolk
Aim: a merfolk, wielding a +0 trident (water, chance to defeat MR: 78%)
The merfolk barely resists.
You are feeling hungry.
The merfolk javelineer throws a silver javelin.
The silver javelin pierces through you!!
* * * LOW HITPOINT WARNING * * *
The silver sears you!
* * * LOW HITPOINT WARNING * * *
You hear a splash.
The merfolk hits you from afar with a +0 trident!!
You die...

≈≈≈ .... #...≈...##.....≈≈≈≈≈≈≈
≈≈≈....... ##.#.#.≈#≈.....≈≈≈≈≈≈≈
≈≈.........#≈≈.).≈###....≈≈≈≈.≈≈≈
≈.........##.)#.#..##≈..m≈≈≈≈≈≈≈≈
≈.≈≈.......#.()≈...##≈≈≈≈≈≈≈≈≈≈≈≈
≈≈≈≈≈.....##..#≈..##≈≈≈m≈≈≈≈≈≈≈≈≈
≈≈≈≈≈......÷#######≈≈≈≈t≈≈≈≈≈≈≈≈≈
≈≈..........#######≈≈≈≈m≈≈≈≈≈≈≈≈≈
≈≈............≈≈@≈(≈≈≈≈≈≈≈≈≈≈≈≈≈≈
≈≈≈..........≈≈≈≈≈m≈≈≈≈≈≈≈≈≈≈≈≈≈≈
≈≈≈≈≈....≈≈≈≈≈≈≈≈≈≈≈≈≈≈≈≈≈≈≈≈≈≈≈.
≈≈≈≈.....≈≈≈≈≈≈≈≈≈≈≈≈≈≈≈≈≈≈≈≈≈≈≈.
P≈≈......≈≈≈≈≈≈≈≈≈≈≈≈≈≈≈≈≈≈≈≈≈≈..
P≈≈≈.....≈≈≈≈≈≈≈≈≈≈≈≈≈≈≈≈≈≈≈ ..
..≈......≈≈≈≈≈≈≈≈≈≈≈≈≈≈≈≈≈≈
.........≈≈≈≈≈≈≈≈≈≈≈≈≈≈≈≈≈
#.......≈≈≈≈≈≈≈≈≈


You could see an alligator snapping turtle, a merfolk javelineer and 2 merfolk.

Vanquished Creatures
  Arachne (Spider:1)
  Rupert (D:13)
  A lich (Abyss:1)
  5 ghost moths (Spider:4)
  An orc warlord (Orc:2)
  4 emperor scorpions (Spider:4)
  A vault warden (Vaults:1)
  An ironheart preserver (Vaults:1)
  8 entropy weavers
  The ghost of Atsemm the Martial Artist, a journeyman GnTm of Cheibriados (Lair:6)
  Nessos (D:13)
  A dire elephant (D:14)
  A spark wasp (Spider:4)
  Snorg (Lair:5)
  A merfolk javelineer (Shoals:4)
  5 merfolk impalers
  Josephine (D:12)
  A fire dragon (D:15)
  A vault guard (D:13)
  2 great orbs of eyes
  A catoblepas (Shoals:2)
  A centaur warrior (D:13)
  2 merfolk avatars
  10 two-headed ogres
  The ghost of Odenyibo the Severer, a journeyman HOFi of Okawaru (D:12)
  A death knight (D:15)
  2 satyrs
  A merfolk aquamancer (Shoals:1)
  3 death yaks
  A queen ant (Spider:2)
  2 tengu warriors (D:13)
  6 orc high priests (Orc:2)
  A wretched star (Abyss:1)
  8 sea snakes
  The ghost of flestrin the Thaumaturge, a novice DECj of Sif Muna (Lair:1)
  A deep elf archer (Vaults:1)
  3 ironbrand convokers
  9 orc knights
  12 harpies (Shoals:3)
  2 phantasmal warriors
  2 deep elf magi (Vaults:1)
  16 orb spiders
  3 fauns (Shoals:3)
  A harpy (shapeshifter) (D:13)
  6 orc sorcerers
  28 wolf spiders
  9 ugly things
  A salamander (D:15)
  2 cyclopes
  3 moths of wrath
  12 manticores
  22 elephants
  6 merfolk sirens
  9 black mambas
  A vault sentinel (Vaults:1)
  A molten gargoyle (Lair:3)
  2 water nymphs
  A torpor snail (Spider:4)
  A guardian serpent (Lair:6)
  21 spiny frogs
  2 ice statues (IceCv)
  A kobold demonologist (D:15)
  8 ice devils (IceCv)
  7 komodo dragons
  7 rime drakes
  An efreet (D:15)
  18 demonic crawlers
  5 yaktaurs (Vaults:1)
  A troll (shapeshifter) (D:13)
  22 merfolk
  2 polar bears (Lair:4)
  7 trolls
  41 jumping spiders
  10 hornets
  3 wind drakes (Shoals:3)
  3 blink frogs
  21 dream sheep
  12 hippogriffs
  5 snapping turtles
  2 small abominations (Abyss:1)
  2 tarantellas (shapeshifter)
  93 redbacks
  26 yaks
  6 water elementals
  A shadow (D:12)
  8 wraiths
  A vampire (D:14)
  21 tarantellas
  A ynoxinul (Abyss:1)
  8 wyverns
  Grum (Lair:1)
  3 basilisks
  2 vampire mosquitoes (D:12)
  5 hungry ghosts
  A steam dragon (Lair:4)
  The ghost of HawFromDerth the Chiller, an amateur HuIE (D:3)
  10 wargs
  A warg (shapeshifter) (D:13)
  24 soldier ants
  19 water moccasins
  An acid dragon (D:15)
  57 orc warriors
  10 porcupines
  An eye of draining (D:8)
  2 sky beasts
  2 black bears
  A hornet zombie (D:12)
  5 ice beasts
  2 phantoms
  19 ogres
  2 necrophages
  14 wolves
  19 centaurs
  The ghost of zaran the Vexing, an amateur HuEn of Fedhas (D:5)
  12 crocodiles
  Blork the orc (D:6)
  6 big kobolds
  15 bullfrogs
  A water moccasin zombie (D:9)
  11 killer bees
  6 scorpions
  20 wights
  5 electric eels
  3 howler monkeys
  A lava snake (Lair:3)
  A bullfrog zombie (D:12)
  6 crimson imps
  A centaur zombie (D:9)
  2 hounds
  A quasit (D:15)
  Crazy Yiuf (D:7)
  A jelly (D:6)
  6 centaur skeletons
  41 orc priests
  2 bullfrog skeletons
  A gnoll shaman (D:5)
  27 orc wizards
  2 iguanas
  An iron imp (D:6)
  37 worker ants
  A mummy (D:6)
  2 hound skeletons
  9 gnolls
  2 howler monkey skeletons
  11 adders
  7 river rats
  7 shadow imps
  9 white imps (IceCv)
  9 ufetubi (IceCv)
  An ooze (D:5)
  2 adder zombies
  4 worms
  3 dart slugs
  7 leopard geckos
  137 orcs
  7 giant cockroaches
  11 goblins
  10 hobgoblins
  9 jackals
  3 quokkas
  2 ball pythons
  A ball python skeleton (D:4)
  12 bats
  8 frilled lizards
  A jackal skeleton (D:5)
  36 kobolds
  A quokka skeleton (D:5)
  15 rats
  4 fungi
  8 plants
1352 creatures vanquished.

Vanquished Creatures (collateral kills)
  A manticore (Shoals:1)
  A merfolk (Shoals:1)
2 creatures vanquished.

Vanquished Creatures (others)
  Polyphemus (Shoals:2)
  A reaper (IceCv)
  3 spark wasps
  2 hydras
  A death knight (D:14)
  A two-headed ogre (D:8)
  A yaktaur (Vaults:1)
  A hornet (D:6)
  A water moccasin (D:6)
  An orc priest (Orc:2)
  A white imp (IceCv)
  An ufetubus (IceCv)
  9 fungi
  22 plants
46 creatures vanquished.

Grand Total: 1400 creatures vanquished

Notes
Turn   | Place    | Note
-------+----------+-------------------------------------------
     0 | Abyss:1  | Gargoyl the Centaur Abyssal Knight began the quest for the
                  | Orb.
     0 | Abyss:1  | Reached XP level 1. HP: 19/19 MP: 2/2
    56 | Abyss:2  | Noticed a chaos spawn
    79 | Abyss:3  | Noticed a hellwing
    79 | Abyss:3  | Gained mutation: You occasionally shout uncontrollably at
                  | your foes. [potion of mutation]
    79 | Abyss:3  | Gained mutation: You possess an exceptional clarity of
                  | mind. [potion of mutation]
    80 | D:1      | Escaped the Abyss
   434 | D:1      | Reached XP level 2. HP: 26/26 MP: 3/3
   490 | D:1      | Reached * piety under Lugonu
   661 | D:1      | Reached skill level 1 in Dodging
   961 | D:1      | Reached XP level 3. HP: 31/31 MP: 4/4
  1604 | D:2      | Reached ** piety under Lugonu
  1659 | D:2      | Reached XP level 4. HP: 33/39 MP: 5/5
  2757 | D:3      | Reached *** piety under Lugonu
  2757 | D:3      | Reached XP level 5. HP: 40/45 MP: 7/7
  2859 | D:3      | Found a runed translucent door.
  2860 | D:3      | Noticed HawFromDerth's ghost (amateur HuIE)
  2884 | D:3      | Killed HawFromDerth's ghost
  2886 | D:3      | Reached XP level 6. HP: 30/52 MP: 8/8
  3184 | D:4      | Found a shimmering altar of Xom.
  3390 | D:4      | Found a glowing drain.
  3396 | Sewer    | Entered a sewer
  3536 | Sewer    | Reached XP level 7. HP: 51/59 MP: 9/9
  3588 | Sewer    | Found a glowing silver altar of Zin.
  3675 | D:4      | Reached **** piety under Lugonu
  4023 | D:5      | Entered Level 5 of the Dungeon
  4046 | D:5      | Found a staircase to the Ecumenical Temple.
  4322 | D:5      | Found a runed translucent door.
  4327 | D:5      | Noticed zaran's ghost (amateur HuEn)
  4343 | D:5      | Found a runed translucent door.
  4428 | D:6      | Noticed Blork the orc
  4437 | D:6      | Killed Blork the orc
  4778 | D:5      | Killed zaran's ghost
  4778 | D:5      | Reached XP level 8. HP: 65/67 MP: 11/11
  5628 | D:6      | Found an iron altar of Okawaru.
  5813 | D:6      | Found a snail-covered altar of Cheibriados.
  6147 | D:6      | Noticed a hornet
  6147 | D:6      | an ogre changed into a hornet
  6151 | D:6      | Banished a hornet
  6151 | D:6      | Reached skill level 5 in Axes
  6151 | D:6      | Reached skill level 1 in Shields
  6455 | D:6      | Found a sparkling altar of Nemelex Xobeh.
  6645 | D:6      | Found a glowing silver altar of Zin.
  6820 | D:7      | Reached skill level 5 in Invocations
  6860 | D:7      | Found a shimmering blue altar of Sif Muna.
  7209 | D:8      | Reached XP level 9. HP: 72/73 MP: 12/12
  8017 | D:7      | Found a shadowy altar of Dithmenos.
  8279 | D:7      | Found a runed translucent door.
  8280 | D:7      | Noticed Crazy Yiuf
  8285 | D:7      | Killed Crazy Yiuf
  8449 | D:8      | Noticed a two-headed ogre
  8453 | D:8      | Banished a two-headed ogre
  8453 | D:8      | Reached skill level 5 in Fighting
  8453 | D:8      | Reached skill level 5 in Armour
  8509 | D:8      | Found a runed translucent gate.
  8509 | D:8      | Found a runed translucent gate.
  8509 | D:8      | Found a runed translucent gate.
  8510 | D:8      | Noticed iVAG's ghost (novice TeCj)
  8510 | D:8      | Noticed a nine-headed hydra
  8673 | D:8      | Reached skill level 1 in Throwing
  8685 | D:8      | Found a hide-covered altar of Uskayaw.
  8827 | D:8      | Reached ***** piety under Lugonu
  9343 | D:8      | Got an ichor-stained leather armour
  9354 | D:8      | Identified the +3 leather armour of Compression {Dex+2}
                  | (You found it on level 8 of the Dungeon)
  9519 | D:9      | Reached XP level 10. HP: 80/80 MP: 14/14
  9830 | D:9      | Upgraded the game from 0.25-a0-479-g8579842fd4 to
                  | 0.25-a0-482-g9b3b753f3f
 10114 | D:9      | Found a sacrificial altar of Ru.
 10152 | D:9      | Found Guyhe's Armour Boutique.
 10160 | D:9      | Bought the +3 pair of gauntlets of War {Slay+5} for 570
                  | gold pieces
 10160 | D:9      | Found the +3 pair of gauntlets of War {Slay+5}
 10360 | D:9      | Found a hazy altar of Hepliaklqana.
 10774 | D:10     | Entered Level 10 of the Dungeon
 10778 | D:10     | Reached skill level 5 in Dodging
 11098 | D:10     | Got an iridescent rapier
 11099 | D:10     | Identified the +9 rapier "Attopumm" {vorpal, rPois Int+6}
                  | (You found it on level 10 of the Dungeon)
 11606 | D:10     | Noticed a two-headed ogre
 11627 | D:10     | Killed a two-headed ogre
 11647 | D:10     | Found a staircase to the Lair.
 11655 | D:10     | Reached XP level 11. HP: 73/89 MP: 16/16
 11760 | D:10     | Found Todwuys's Book Emporium.
 12897 | Lair:1   | Entered Level 1 of the Lair of Beasts
 13341 | Lair:1   | Noticed Grum
 13352 | Lair:1   | Killed Grum
 13710 | Lair:1   | Found a shimmering altar of Xom.
 14194 | Lair:1   | Found a large runed translucent door.
 14194 | Lair:1   | Found a large runed translucent door.
 14195 | Lair:1   | Noticed flestrin's ghost (novice DECj)
 14205 | Lair:1   | Killed flestrin's ghost
 14210 | Lair:1   | Got a clouded platinum amulet
 14214 | Lair:1   | Identified the amulet of Wof Obrue {Inacc rF+} (You found
                  | it on level 1 of the Lair of Beasts)
 14319 | Lair:1   | Got a scorched whip
 14320 | Lair:1   | Identified the +7 whip "Spiderslayer" {holy, Int+4 Dex+5
                  | Stlth-} (You found it on level 1 of the Lair of Beasts)
 14521 | Lair:2   | Noticed a five-headed hydra
 14522 | Lair:2   | Banished a five-headed hydra
 14720 | Lair:2   | Reached skill level 10 in Axes
 14740 | Lair:2   | Reached XP level 12. HP: 35/100 MP: 18/18
 15654 | Lair:2   | Reached ****** piety under Lugonu
 17071 | Lair:3   | Found a hole to the Spider Nest.
 17302 | Lair:3   | Noticed a death yak
 17313 | Lair:3   | Killed a death yak
 17552 | Lair:3   | Found a staircase to the Shoals.
 17845 | D:9      | Bought a +0 centaur barding for 276 gold pieces
 17973 | Lair:4   | Noticed a six-headed hydra
 17997 | Lair:4   | Banished a six-headed hydra
 18870 | Lair:4   | Reached skill level 10 in Invocations
 18870 | Lair:4   | Reached XP level 13. HP: 79/107 MP: 20/20
 19880 | Lair:5   | Noticed Snorg
 19907 | Lair:5   | Killed Snorg
 21384 | Lair:5   | Found a staircase to the Slime Pits.
 21732 | Lair:6   | Entered Level 6 of the Lair of Beasts
 22846 | Lair:6   | Noticed Atsemm's ghost (journeyman GnTm)
 22854 | Lair:6   | Found a runed translucent door.
 22905 | Lair:6   | Killed Atsemm's ghost
 23097 | Lair:6   | Found a white marble altar of Elyvilon.
 23275 | Lair:6   | Reached XP level 14. HP: 88/118 MP: 22/22
 24573 | D:12     | Found a staircase to the Orcish Mines.
 24701 | D:12     | Noticed Odenyibo's ghost (journeyman HOFi)
 24704 | D:12     | Found a runed translucent door.
 24730 | D:12     | Killed Odenyibo's ghost
 25060 | D:12     | Found a roughly hewn altar of Beogh.
 25222 | D:13     | Noticed Nessos
 25765 | D:13     | Killed Nessos
 25822 | D:13     | Found a frozen archway.
 25830 | IceCv    | Entered an ice cave
 26111 | IceCv    | Killed a reaper
 27022 | D:13     | Noticed Rupert
 27029 | D:13     | Killed Rupert
 27252 | D:13     | Reached skill level 10 in Fighting
 27956 | D:13     | Found a gate to the Vaults.
 28158 | D:14     | Found Gugo's Antique Weapon Shop.
 29360 | D:15     | Entered Level 15 of the Dungeon
 29366 | D:15     | Found a staircase to the Depths.
 29414 | D:14     | Reached XP level 15. HP: 45/126 MP: 24/24
 31426 | Orc:1    | Entered Level 1 of the Orcish Mines
 31426 | Orc:1    | Noticed Josephine
 31444 | D:12     | Killed Josephine
 32857 | Orc:2    | Entered Level 2 of the Orcish Mines
 33807 | Orc:2    | Noticed an orc warlord
 34476 | Orc:2    | Found a roughly hewn altar of Beogh.
 34482 | Orc:2    | Found Couggun's Jewellery Shop.
 34724 | Orc:2    | Killed an orc warlord
 35298 | Orc:2    | Bought the amulet of Jumpus Lykk {Reflect rF+ MR+ SH+4} for
                  | 745 gold pieces
 35396 | Orc:2    | Found Zulill's Book Emporium.
 35984 | Orc:2    | Found a roughly hewn altar of Beogh.
 36435 | Orc:2    | Found Wysaw's Book Boutique.
 36463 | Orc:2    | Found Oskeq's Magic Scroll Shop.
 36474 | Orc:2    | Bought a scroll of teleportation for 48 gold pieces
 36713 | Orc:2    | Found a staircase to the Elven Halls.
 37072 | Spider:1 | Entered Level 1 of the Spider Nest
 37095 | Spider:1 | Reached skill level 10 in Armour
 37892 | Spider:1 | Reached XP level 16. HP: 134/137 MP: 26/26
 38765 | Spider:2 | Reached skill level 10 in Dodging
 39239 | Spider:2 | Noticed Arachne
 39573 | Spider:1 | Killed Arachne
 39863 | Spider:2 | Found the +5 demon whip "Spellbinder" {antimagic, MR+}
 41221 | Spider:2 | Reached skill level 5 in Shields
 41471 | Spider:2 | Identified the Almanac of Calling and Evil
 42759 | Spider:4 | Entered Level 4 of the Spider Nest
 44411 | Spider:4 | Reached XP level 17. HP: 141/146 MP: 27/27
 45957 | Abyss:1  | Noticed a lich
 45964 | Abyss:1  | Killed a lich
 46292 | Spider:4 | Escaped the Abyss
 47876 | Spider:4 | Got a gossamer rune of Zot
 48564 | Vaults:1 | Entered Level 1 of the Vaults
 50152 | Shoals:1 | Entered Level 1 of the Shoals
 51423 | Shoals:2 | Noticed Polyphemus
 51465 | Shoals:2 | Killed Polyphemus
 51627 | Shoals:2 | Reached XP level 18. HP: 156/156 MP: 29/29
 51674 | Shoals:2 | You fall into a shaft and drop 1 floor!
 52299 | Shoals:3 | Reached skill level 15 in Invocations
 53686 | Shoals:4 | Entered Level 4 of the Shoals
 54205 | Shoals:4 | Reached skill level 15 in Axes
 54210 | Shoals:4 | Identified the +6 great sword "Jokehioq" {freeze, rN++ MR-}
 54604 | Shoals:4 | Slain by a merfolk

Levels and vault maps discovered:
D:1:      kilobyte_arrival_exit_the_forest, layout_basic
D:2:      layout_rooms
D:3:      layout_basic, ebering_ghost_inner_flame
D:4:      layout_loops_ring, lemuel_coloured_pillars_altar,
          portal_sewer_entry_e, first_ration
D:5:      layout_cave_pods, minmay_temple_entry_sparse_star,
          ebering_ghost_sewer_f
D:6:      layout_basic, nicolae_overflow_hidden_temple,
          nemelex_xobeh_ov_fountains_minmay, slow_altar_1, marbit_many_paths,
          gup_ossuary_entry_pyramid, uniq_blork_the_orc
D:7:      layout_rooms, kennysheep_little_box, basic_altar, grunt_ogre_cave,
          minmay_unpleasant_kobolds, uniq_crazy_yiuf_cottage
D:8:      minmay_the_grid_square_5x5_3x3 [minmay_the_grid_square_5x5_inner_i,
          minmay_the_grid_square_5x5_shuriken,
          minmay_the_grid_square_5x5_half_checkered,
          minmay_the_grid_square_5x5_inner_z,
          minmay_the_grid_square_5x5_megaprize_hollow,
          minmay_the_grid_square_5x5_checkered_sparse,
          minmay_the_grid_square_5x5_z, minmay_the_grid_square_5x5_empty,
          minmay_the_grid_square_5x5_misaligned], layout_cave_pools,
          lemuel_crystal_altar, gammafunk_ghost_hydra_chop
D:9:      layout_long_grid, nicolae_ru_sacrificial_ziggurat, lemuel_round_altar,
          serial_shops, nicolae_shop_statue_plus
D:10:     layout_grid_maze, erik_lair_orcish_takeover, serial_shops, shop
D:11:     layout_stronghold
D:12:     layout_roguey, minmay_orc_entry_temple_small,
          hellmonk_ghost_happy_afterlife
D:13:     layout_basic, david_vaults_4, portal_ice_cave_rime, uniq_rupert,
          uniq_nessos
D:14:     layout_roguey, minmay_crystal_room, serial_shops, shop
D:15:     hangedman_depths_entry_try_elsewhere_first, layout_irregular_city
Lair:1:   layout_roguey, basic_altar, ebering_ghost_disaster_area,
          grunt_megastairs_1, uniq_grum
Lair:2:   layout_gridlike, nicolae_quartered_pool_super, lemuel_fruit_tree,
          lemuel_fruit_fields
Lair:3:   layout_gridlike, minmay_shoals_entry_centaurs,
          spider_nest_entry_web_field, chequers_serial_rivers_micro_b,
          minmay_shattered_shrine
Lair:4:   layout_big_grid, grunt_megastairs_5, serial_bayou_shore_b,
          serial_bayou_shore_b
Lair:5:   layout_cave_pods, minmay_slime_entry_oklob_open, uniq_snorg
Lair:6:   hangedman_lair_tendril_chambers, layout_regular_city,
          hellmonk_ghost_happy_afterlife, basic_altar, serial_bayou_shore_b
Shoals:1: layout_shoals
Shoals:2: layout_shoals, uniq_polyphemus, uniq_ilsuiw
Shoals:3: layout_shoals
Shoals:4: shoals_end_grunt_ice, layout_shoals, uniq_mara
Spider:1: layout_spider_delve
Spider:2: nicolae_spider_mines_1, zaba_anthell, uniq_arachne
Spider:3: layout_spider_delve
Spider:4: johnstein_spider_rune_arachne_lair
Orc:1:    layout_caves, uniq_josephine
Orc:2:    pubby_orc_utopia
Vaults:1: kennysheep_vaults_gozag_temple, vaults_room_boxed, grunt_vaults_focal,
          vaults_dpeg_doors, hangedman_vaults_slice, vaults_room_fours,
          layout_vaults_omnigrid, serial_shops, nicolae_shop_stone

Skill      XL: |  1  2  3  4  5  6  7  8  9 10 11 12 13 14 15 16 17 18 |
---------------+-------------------------------------------------------+-----
Dodging        | 1 2 3 4 5 6 7 8 9 10 11 12 | 12.1
Axes           | 2 3 4 5 7 8 10 11 12 13 14 15 | 15.0
Armour         | 2 4 5 6 7 8 9 10 11 | 11.3
Invocations    | 3 4 5 6 7 8 10 11 12 13 14 15 | 15.1
Fighting       | 4 5 6 7 8 9 10 11 12 13 | 13.1
Shields        | 1 2 3 4 5 6 |  6.9
Throwing       | 1 2 4 |  4.6
Evocations     | |  0.3

Action                   |  1- 3 |  4- 6 |  7- 9 | 10-12 | 13-15 | 16-18 || total
-------------------------+-------+-------+-------+-------+-------+-------++-------
Melee: Hand axe          |   105 |   139 |   306 |   457 |  1141 |  1216 ||  3364
       Kick              |    17 |    30 |    73 |   140 |   414 |   484 ||  1158
Throw: Boomerang         |       |     5 |    11 |    12 |     5 |    57 ||    90
Invok: Depart the Abyss  |     1 |       |       |       |       |     1 ||     2
       Banish            |       |       |     3 |     5 |     9 |     4 ||    21
       Bend Space        |       |       |       |       |       |     2 ||     2
       Enter the Abyss   |       |       |       |       |       |     1 ||     1
 Abil: Evoke Berserk Rag |       |       |       |       |     1 |       ||     1
Evoke: Wand              |       |       |     1 |       |       |     3 ||     4
  Use: Scroll            |     8 |     5 |    13 |    10 |    13 |    10 ||    59
       Potion            |     1 |     2 |     4 |     3 |     2 |     3 ||    15
 Stab: Invisible         |       |       |       |     1 |       |       ||     1
  Eat: Chunk             |     1 |     5 |     8 |    21 |    52 |    26 ||   113
       Ration            |       |       |     3 |     2 |     2 |     7 ||    14
Armor: Leather armour    |    64 |    14 |     2 |   206 |   509 |   633 ||  1428
       Ring mail         |       |    54 |    75 |       |       |       ||   129
       Chain mail        |       |       |    58 |       |       |       ||    58
Dodge: Dodged            |    53 |    54 |   118 |   252 |   496 |   638 ||  1611
Block: Buckler           |    11 |    16 |    40 |    82 |   231 |   532 ||   912
       Reflection        |       |       |       |       |     3 |    15 ||    18

Table legend:
 A = Non-vault XP
 B = Vault XP
 C = Vault XP percentage of total XP
 D = Non-vault monster count
 E = Vault monster count
 F = Vault count percentage of total count
                 A         B        C        D         E       F
            +---------+---------+-------+---------+---------+-------
      Total |  208047 |  117942 |  36.2 |     917 |     439 |  32.4
            +---------+---------+-------+---------+---------+-------
        D:1 |      58 |       0 |   0.0 |      29 |       0 |   0.0
        D:2 |      92 |       0 |   0.0 |      31 |       0 |   0.0
        D:3 |      59 |     172 |  74.5 |      19 |       2 |   9.5
        D:4 |     415 |      47 |  10.2 |      15 |       8 |  34.8
        D:5 |     175 |     138 |  44.1 |      16 |       4 |  20.0
        D:6 |     915 |     158 |  14.7 |      27 |       4 |  12.9
        D:7 |     622 |     167 |  21.2 |      14 |       8 |  36.4
        D:8 |    1405 |     817 |  36.8 |      21 |      13 |  38.2
        D:9 |    2304 |       0 |   0.0 |      45 |       0 |   0.0
       D:10 |    3112 |     654 |  17.4 |      30 |       9 |  23.1
       D:11 |    2210 |       0 |   0.0 |      25 |       0 |   0.0
       D:12 |    3411 |    2986 |  46.7 |      24 |      16 |  40.0
       D:13 |    9397 |    9094 |  49.2 |      37 |      11 |  22.9
       D:14 |    7986 |    1766 |  18.1 |      37 |       2 |   5.1
       D:15 |    8171 |    1535 |  15.8 |      35 |       2 |   5.4
     Lair:1 |    3732 |    1828 |  32.9 |      17 |       8 |  32.0
     Lair:2 |    7836 |       0 |   0.0 |      31 |       0 |   0.0
     Lair:3 |    4770 |    2307 |  32.6 |      16 |       9 |  36.0
     Lair:4 |    8717 |     592 |   6.4 |      31 |       3 |   8.8
     Lair:5 |    8496 |    1173 |  12.1 |      33 |       1 |   2.9
     Lair:6 |    6310 |   11170 |  63.9 |      19 |      35 |  64.8
   Shoals:1 |   12767 |       0 |   0.0 |      28 |       0 |   0.0
   Shoals:2 |    1654 |    4816 |  74.4 |       4 |       4 |  50.0
   Shoals:3 |   22556 |       0 |   0.0 |      43 |       0 |   0.0
   Shoals:4 |    9178 |    2691 |  22.7 |      22 |       4 |  15.4
   Spider:1 |   17419 |    3452 |  16.5 |      54 |       1 |   1.8
   Spider:2 |   15211 |    8795 |  36.6 |      39 |      49 |  55.7
   Spider:3 |   11142 |    2503 |  18.3 |      40 |       7 |  14.9
   Spider:4 |   17568 |   31300 |  64.1 |      49 |      49 |  50.0
      Orc:1 |    4379 |     205 |   4.5 |      56 |       1 |   1.8
      Orc:2 |       0 |   23674 | 100.0 |       0 |     149 | 100.0
   Vaults:1 |   10770 |    2030 |  15.9 |      23 |       2 |   8.0
    Abyss:1 |    5210 |       0 |   0.0 |       7 |       0 |   0.0
      Sewer |       0 |     146 | 100.0 |       0 |      10 | 100.0
      IceCv |       0 |    3726 | 100.0 |       0 |      28 | 100.0
            +---------+---------+-------+---------+---------+-------
